AoeStats
← Khirs

Black Forest

505696732Analyzed
4v4 RM · 21d ago on Sep 10, 2026· 45m 59s· 8 players
Game mode
Random Map
Map size
Large (8 player)
Population
200
Speed
Normal
Resources
Standard
Victory
Conquest
Starting age
Dark Age
Ending age
Imperial Age
RankedLock teamsTeams togetherTeam positionsShared explorationLock speedFull tech treeHidden civsTurbo modeCheats
Victory
Defeat
🇪🇸 Teutons · Spain
841
+6
🇺🇸 Persians · United States
751
+9
🇨🇳 Chinese · China
692
+11
🇺🇸 Bohemians · United States
517
+19
🇨🇭 Teutons · Switzerland
728
-17
🇩🇪 Vietnamese · Germany
650
-13
🇬🇧 Britons · United Kingdom
535
-9
🇩🇪 Slavs · Germany
421
-6
pablog1509
0:37 Loom
10:08 Feudal Age
11:25 Wheelbarrow
15:13 Double-Bit Axe
17:21 Horse Collar
23:34 Castle Age
24:36 Hand Cart
25:06 Stone Mining
25:31 Bow Saw
29:27 Treadmill Crane
32:24 Gold Mining
33:06 Heavy Plow
34:46 Gold Shaft Mining
35:53 Fortified Wall
36:26 Masonry
36:28 Town Watch
36:56 Squires
38:19 Caravan
41:00 Imperial Age
38:33 Town Patrol
38:26 Fletching
40:24 Bodkin Arrow
40:30 Padded Archer Armor
40:41 Forging
41:45 Bracer
43:02 Chemistry
42:22 Pikeman
42:48 Arson
42:59 Halberdier
44:30 Scale Mail Armor
45:47 Chain Mail Armor
Bloody Mary
0:47 Loom
19:42 Feudal Age
22:54 Double-Bit Axe
26:24 Fishing Lines
30:29 Gold Mining
31:17 Wheelbarrow
34:18 Castle Age
34:04 Stone Mining
36:20 Pikeman
36:25 Crossbowman
39:09 Bow Saw
39:20 Hand Cart
40:16 Gold Shaft Mining
41:52 Light Cavalry
42:37 Husbandry
42:48 Bloodlines
42:54 Detinets
Internet User
0:47 Loom
11:53 Feudal Age
12:54 Double-Bit Axe
14:42 Fishing Lines
22:28 Castle Age
20:57 Gold Mining
20:58 Stone Mining
21:04 Stone Mining
22:49 Wheelbarrow
22:01 Town Watch
23:46 Bow Saw
26:10 Bow Saw
26:12 Gillnets
26:31 Squires
25:53 Pikeman
26:20 Arson
27:43 Hand Cart
28:50 Forging
29:21 Scale Mail Armor
31:23 Caravan
34:28 Imperial Age
32:01 Town Patrol
33:28 Ironclad
33:35 Ironclad
35:29 Iron Casting
35:10 Chain Mail Armor
34:47 Fletching
35:49 Stone Shaft Mining
35:54 Crenellations
35:56 Conscription
36:44 Chemistry
36:04 Ballistics
36:16 Elite Teutonic Knight
39:57 Halberdier
41:01 Bloodlines
40:12 Cavalier
bobozius
12:41 Feudal Age
13:20 Double-Bit Axe
13:18 Horse Collar
14:25 Wheelbarrow
20:20 Castle Age
20:45 Stone Mining
20:48 Gold Mining
22:20 Stone Shaft Mining
23:41 Heavy Plow
24:41 Bow Saw
25:18 Caravan
28:04 Hand Cart
29:58 Town Watch
33:31 Imperial Age
31:56 Town Patrol
32:02 Loom
34:47 Crop Rotation
35:20 Two-Man Saw
34:47 Paper Money
35:30 Padded Archer Armor
35:21 Fletching
35:41 Forging
35:32 Scale Mail Armor
35:37 Scale Barding Armor
36:04 Elite Rattan Archer
39:40 Chemistry
38:20 Treadmill Crane
38:52 Fortified Wall
38:50 Siege Engineers
38:30 Arrowslits
38:36 Guard Tower
39:07 Ballistics
38:38 Heated Shot
39:58 Bodkin Arrow
40:18 Leather Archer Armor
40:39 Iron Casting
40:20 Chain Mail Armor
40:25 Chain Barding Armor
41:01 Husbandry
40:24 Cavalier
43:58 Bracer
Husky
2:48 Loom
5:06 Loom
13:22 Feudal Age
13:45 Horse Collar
13:52 Double-Bit Axe
17:25 Wheelbarrow
24:44 Castle Age
32:30 Hand Cart
34:07 Heavy Plow
36:27 Forging
36:18 Padded Archer Armor
36:09 Fletching
36:22 Scale Mail Armor
39:02 Bow Saw
41:33 Imperial Age
41:08 Murder Holes
42:14 Chemistry
41:42 Caravan
42:57 Elite Hussite Wagon
43:59 Conscription
44:25 Scale Barding Armor
44:36 Chain Mail Armor
44:58 Iron Casting
44:18 Bodkin Arrow
huntrixLoL
3:28 Loom
12:50 Feudal Age
13:09 Double-Bit Axe
13:05 Horse Collar
18:21 Wheelbarrow
21:02 Castle Age
23:10 Bow Saw
23:01 Heavy Plow
31:31 Gold Mining
32:08 Hand Cart
32:56 Gold Shaft Mining
36:18 Imperial Age
34:39 Scale Barding Armor
35:17 Forging
35:28 Stone Mining
36:45 Iron Casting
36:32 Chain Barding Armor
37:10 Stone Shaft Mining
36:28 Town Watch
38:27 Blast Furnace
36:56 Elite War Elephant
37:57 Conscription
38:41 Plate Barding Armor
39:23 Crop Rotation
39:56 Two-Man Saw
40:18 Husbandry
40:30 Bloodlines
Khirs
0:38 Loom
14:45 Feudal Age
18:00 Horse Collar
18:09 Double-Bit Axe
19:36 Gold Mining
22:59 Castle Age
21:41 Stone Mining
24:06 Bow Saw
24:03 Heavy Plow
26:02 Stone Shaft Mining
32:47 Imperial Age
30:40 Fortified Wall
32:09 Fletching
34:13 Wheelbarrow
34:13 Conscription
33:49 Pikeman
35:09 Crop Rotation
34:40 Bodkin Arrow
35:22 Ballistics
35:51 Forging
35:31 Halberdier
36:18 Scale Mail Armor
38:06 Iron Casting
38:39 Chemistry
37:50 Masonry
38:32 Hand Cart
38:54 Onager
40:05 Ironclad
40:08 Chain Mail Armor
40:26 Arrowslits
41:27 Plate Mail Armor
42:43 Elite Teutonic Knight
46:22 Coinage
金牌嘴炮选手
0:39 Loom
12:12 Feudal Age
18:53 Castle Age
19:50 Double-Bit Axe
26:42 Horse Collar
27:59 Bow Saw
28:34 Wheelbarrow
30:54 Gold Mining
30:55 Stone Mining
35:43 Imperial Age
33:31 Hand Cart
35:09 Gold Shaft Mining
35:12 Stone Shaft Mining
35:17 Fletching
35:28 Padded Archer Armor
35:39 Forging
35:30 Scale Mail Armor
35:35 Caravan
35:25 Crossbowman
36:31 Ballistics
36:22 Fortified Wall
35:51 Elite Chu Ko Nu
36:51 Conscription
35:56 Elite Chu Ko Nu
36:58 Conscription
36:48 Thumb Ring
36:39 Town Watch
36:24 Pikeman
37:05 Squires
38:15 Chemistry
37:08 Halberdier
38:25 Bodkin Arrow
38:46 Leather Archer Armor
39:08 Iron Casting
39:10 Heavy Plow
40:17 Two-Man Saw
40:07 Rocketry
39:50 Great Wall
41:00 Town Patrol
40:33 Arbalester
41:18 Bracer
41:48 Ring Archer Armor
41:55 Ring Archer Armor
Connection lost

Rejoining the realm…

Still unreachable

The connection could not be restored.

Session expired

The server has moved on; the page needs a fresh start.